 Dungeon Crawl Stone Soup version 0.31-a0-176-g91f28db67f (webtiles) character file.

Game seed: 13559338942096064444

1210 qw the Skirmisher (level 8, 0/74 HPs)
             Began as a Naga Hunter on June 17, 2023.
             Succumbed to a scorpion's poison
             ... on level 5 of the Dungeon.
             The game lasted 00:04:10 (3067 turns).

qw the Skirmisher (Naga Hunter)                     Turns: 3067, Time: 00:04:11

Health: 0/74       AC:  7    Str: 14    XL:     8   Next: 45%
Magic:  8/8        EV: 10    Int:  9    God:
Gold:   231        SH:  5    Dex: 17    Spells: 7/7 levels left

rFire   . . .        Y - +0 shortbow (chaos)
rCold   . . .        (shield currently unavailable)
rNeg    . . .        c - +0 leather armour
rPois   +            k - +0 helmet
rElec   .            (no cloak)
rCorr   .            i - +1 pair of gloves
SInv    +            (no barding)
Will    +....        b - amulet of reflection
Stlth   ++           (no ring)
HPRegen 0.32/turn    (no ring)
MPRegen 0.11/turn

%: reflection
@: lethally poisoned (0 -> -11), about to teleport, short of breath, very slow
A: AC +2, large, see invisible, deformed body, poison resistance, slowness 2,
spit poison 1, naga tail 1
a: Spit Poison


You were on level 5 of the Dungeon.
You visited 1 branch of the dungeon, and saw 5 of its levels.

You collected 231 gold pieces.


Innate Abilities, Weirdness & Mutations

Your serpentine skin is tough. (AC +2)
You have supernaturally acute eyesight. (SInv)
Armour fits poorly on your strangely shaped body.
Your system is resistant to poisons. (rPois)
You cover ground very slowly.
You can spit poison.
You have a snake-like lower body.


   Skills:
 - Level 5.1 Fighting
 + Level 8.1 Ranged Weapons
 - Level 1.5 Armour
 - Level 2.6 Dodging
 - Level 1.5 Stealth


You had 7 spell levels left.
You didn't know any spells.
Your spell library was empty.

Inventory:

Hand Weapons
 Y - a +0 shortbow of chaos (weapon)
Armour
 c - a +0 leather armour (worn)
 i - a +1 pair of gloves (worn)
 k - a +0 helmet (worn)
Jewellery
 b - an amulet of reflection (around neck)
Scrolls
 l - 2 scrolls of identify
Potions
 d - a potion of might {unknown}
 f - a potion of heal wounds {unknown}
 g - a potion of haste
 h - a potion of magic {unknown}
 j - 2 potions of curing

Dungeon Overview and Level Annotations

Branches:
Dungeon (5/15)
 Temple: D:4-7

Altars:
Hepliaklqana
Makhleb
Ru


Message History

The scorpion seems to speed up.
The scorpion stings you.
You are poisoned.
The scorpion poisons you!
The quokka twitches its whiskers.
The scorpion stings you.
You are more poisoned.
The scorpion poisons you!
The phantom hits you but does no damage.
You shoot an arrow. The arrow hits the scorpion.
The scorpion suddenly seems more agile.
The scorpion is lightly wounded.
You feel very sick. The scorpion barely misses you.
The scorpion stings you but does no damage.
You block the phantom's attack.
You shoot an arrow. The arrow hits the scorpion.
The scorpion is heavily wounded.
You have got your breath back.
You feel very sick. The scorpion barely misses you. The phantom hits you.
The phantom blinks!
You blink.
A dart slug comes into view.
Found a leather armour.
An orc comes into view. It is wielding a +0 whip.
Enter note:
Enter note:
3066 ||| READING scroll of teleportation.
As you read the scroll of teleportation, it crumbles to dust.
You feel strangely unstable.
You feel very sick. The dart slug launches a dart at you.
The slug dart hits you but does no damage.
The phantom hits you.
3067 ||| INVOKING Spit Poison.
Aiming: Spit Poison (1% risk of failure)
Press: ? - help, Shift-Dir - straight line, f - orc, p - scorpion The splash of poison hits the orc!
You kill the orc!
You die...

...# . .. #..[ ..#. .#
.w#...# #)..#. .#...# ...
. ..... #...#...# . .. ..
#...#...# ..# .# ..
$..#...#...#
###.##...#...#@..#
#.#.......#...#W..# #.
}.#..#.................
#...#.#...#...#...#...
#......#...#...#...#..
##...%).?#...#J. #../#
##.(.¤#..#...#...#...#
#.#.#..s..#...#..o#s..#...
#.}.#.#.......hrs¤.......


You could see an orc warrior, a phantom (agile), a scorpion (fast, agile), a
jelly and a dart slug.

Vanquished Creatures
  An unseen horror (D:4)
  A water moccasin (D:5)
  2 black bears
  An ogre (D:5)
  A phantom (D:4)
  A killer bee (D:5)
  A gnoll bouda (D:4)
  2 hounds (D:4)
  An orc priest (D:4)
  Jessica (D:2)
  An iguana (D:5)
  An orc wizard (D:5)
  Natasha (thrice) (D:2)
  3 gnolls (D:4)
  7 adders
  2 worms
  2 dart slugs
  15 orcs
  6 endoplasms
  4 giant cockroaches
  6 goblins
  7 hobgoblins
  4 quokkas
  5 ball pythons
  7 bats
  3 frilled lizards
  9 kobolds
  3 rats (D:3)
100 creatures vanquished.

Vanquished Creatures (others)
  A kobold zombie (D:3)
1 creature vanquished.

Grand Total: 101 creatures vanquished

Notes
Turn   | Place    | Note
-------+----------+-------------------------------------------
     0 | D:1      | qw the Naga Hunter began the quest for the Orb.
     0 | D:1      | Reached XP level 1. HP: 19/19 MP: 1/1
     0 | D:1      | 0 ||| qw: Version: 0.3-a-4-gdb48cbc
     0 | D:1      | 0 ||| qw: Game counter: 428
     0 | D:1      | 0 ||| qw: Always use a shield: true
     0 | D:1      | 0 ||| qw: God list: Okawaru
     0 | D:1      | 0 ||| qw: Allow faded altars: false
     0 | D:1      | 0 ||| qw: Do Orc after D:15 true
     0 | D:1      | 0 ||| qw: Do second Lair branch before Depths: true
     0 | D:1      | 0 ||| qw: Lair rune preference: random
     0 | D:1      | 0 ||| qw: Plans: Normal
     0 | D:1      | 0 ||| PLANNING D:1-11
    32 | D:1      | 32 ||| INVOKING Spit Poison.
    35 | D:1      | 35 ||| INVOKING Spit Poison.
    48 | D:1      | 48 ||| INVOKING Spit Poison.
   102 | D:1      | 102 ||| INVOKING Spit Poison.
   104 | D:1      | Reached skill level 4 in Ranged Weapons
   104 | D:1      | Reached XP level 2. HP: 26/26 MP: 2/2
   131 | D:1      | 131 ||| INVOKING Spit Poison.
   192 | D:1      | 192 ||| INVOKING Spit Poison.
   281 | D:1      | 281 ||| INVOKING Spit Poison.
   289 | D:1      | 289 ||| INVOKING Spit Poison.
   379 | D:1      | 379 ||| INVOKING Spit Poison.
   581 | D:1      | 581 ||| UPGRADING to +0 pair of gloves.
   586 | D:1      | 586 ||| READING 2 scrolls labelled TOLU XEPO.
   587 | D:1      | 587 ||| READING scroll labelled HOS DEROEMM.
   588 | D:1      | 588 ||| READING scroll labelled VUTICO WOMIDD.
   636 | D:1      | 636 ||| READING scroll labelled XASTRY WY XIBUI.
   637 | D:1      | 637 ||| DRINKING 2 fuming pink potions.
   666 | D:1      | 666 ||| DROPPING scroll of noise.
   667 | D:1      | 667 ||| DROPPING scroll of butterflies.
   668 | D:1      | 668 ||| DROPPING potion of lignification.
   695 | D:2      | Noticed Jessica
   696 | D:2      | 696 ||| INVOKING Spit Poison.
   697 | D:2      | Killed Jessica
   698 | D:2      | Reached XP level 3. HP: 32/32 MP: 3/3
   699 | D:2      | Noticed Natasha
   701 | D:2      | 701 ||| INVOKING Spit Poison.
   702 | D:2      | Killed Natasha
   703 | D:2      | Reached skill level 5 in Ranged Weapons
   703 | D:2      | Reached XP level 4. HP: 29/39 MP: 4/4
   783 | D:2      | 783 ||| INVOKING Spit Poison.
   793 | D:2      | 793 ||| INVOKING Spit Poison.
   803 | D:2      | 803 ||| INVOKING Spit Poison.
   863 | D:2      | 863 ||| INVOKING Spit Poison.
   865 | D:2      | Noticed Natasha
   868 | D:2      | 868 ||| INVOKING Spit Poison.
   869 | D:2      | Killed Natasha
   882 | D:2      | 882 ||| INVOKING Spit Poison.
   936 | D:2      | 936 ||| INVOKING Spit Poison.
   937 | D:2      | Reached skill level 3 in Fighting
   937 | D:2      | Reached XP level 5. HP: 49/49 MP: 5/5
   945 | D:2      | 945 ||| INVOKING Spit Poison.
   951 | D:2      | Noticed Natasha
   954 | D:2      | 954 ||| INVOKING Spit Poison.
   956 | D:2      | Killed Natasha
   986 | D:2      | 986 ||| INVOKING Spit Poison.
   987 | D:2      | 987 ||| INVOKING Spit Poison.
  1061 | D:2      | 1061 ||| INVOKING Spit Poison.
  1080 | D:2      | 1080 ||| INVOKING Spit Poison.
  1155 | D:2      | 1155 ||| INVOKING Spit Poison.
  1238 | D:2      | 1238 ||| INVOKING Spit Poison.
  1377 | D:2      | 1377 ||| UPGRADING to +0 helmet.
  1382 | D:2      | 1382 ||| UPGRADING to amulet of reflection.
  1387 | D:2      | 1387 ||| READING scroll labelled AMURPHYERIA.
  1388 | D:2      | 1388 ||| READING scroll labelled YTOUNE AL MIR.
  1405 | D:3      | 1405 ||| INVOKING Spit Poison.
  1426 | D:3      | 1426 ||| INVOKING Spit Poison.
  1430 | D:3      | 1430 ||| INVOKING Spit Poison.
  1442 | D:3      | 1442 ||| INVOKING Spit Poison.
  1461 | D:3      | 1461 ||| INVOKING Spit Poison.
  1470 | D:3      | 1470 ||| INVOKING Spit Poison.
  1475 | D:3      | 1475 ||| INVOKING Spit Poison.
  1498 | D:3      | 1498 ||| INVOKING Spit Poison.
  1504 | D:3      | Upgraded the game from 0.31-a0-175-g9f7f995f2b to
                  | 0.31-a0-176-g91f28db67f
  1504 | D:3      | 1504 ||| PLANNING D:1-11
  1504 | D:3      | 1504 ||| PLANNING D:1-11
  1504 | D:3      | 1504 ||| PLANNING D:1-11
  1506 | D:3      | 1506 ||| PLANNING D:1-11
  1526 | D:3      | 1526 ||| INVOKING Spit Poison.
  1527 | D:3      | 1527 ||| Stepping ~*~*~tactically~*~*~ (outnumbered).
  1531 | D:3      | 1531 ||| INVOKING Spit Poison.
  1582 | D:3      | 1582 ||| INVOKING Spit Poison.
  1653 | D:3      | 1653 ||| PLANNING D:1-11
  1699 | D:3      | 1699 ||| INVOKING Spit Poison.
  1729 | D:3      | 1729 ||| INVOKING Spit Poison.
  1775 | D:3      | 1775 ||| INVOKING Spit Poison.
  1781 | D:3      | 1781 ||| INVOKING Spit Poison.
  1785 | D:3      | 1785 ||| INVOKING Spit Poison.
  1789 | D:3      | 1789 ||| INVOKING Spit Poison.
  1825 | D:3      | 1825 ||| INVOKING Spit Poison.
  1826 | D:3      | Reached skill level 6 in Ranged Weapons
  1847 | D:3      | 1847 ||| INVOKING Spit Poison.
  1851 | D:3      | 1851 ||| INVOKING Spit Poison.
  1874 | D:3      | 1874 ||| INVOKING Spit Poison.
  2095 | D:3      | 2095 ||| INVOKING Spit Poison.
  2097 | D:3      | Reached XP level 6. HP: 56/56 MP: 6/6
  2108 | D:3      | 2108 ||| READING scroll labelled FOCSOC ZAOGG.
  2109 | D:3      | 2109 ||| READING 2 scrolls labelled MAGRUBBAROW.
  2110 | D:3      | 2110 ||| READING scroll of enchant armour.
  2110 | D:3      | 2110 ||| ENCHANTING +0 pair of gloves.
  2158 | D:4      | 2158 ||| INVOKING Spit Poison.
  2163 | D:4      | 2163 ||| INVOKING Spit Poison.
  2215 | D:4      | 2215 ||| INVOKING Spit Poison.
  2250 | D:4      | Found a burning altar of Makhleb.
  2316 | D:4      | 2316 ||| INVOKING Spit Poison.
  2339 | D:4      | 2339 ||| INVOKING Spit Poison.
  2340 | D:4      | 2340 ||| INVOKING Spit Poison.
  2390 | D:4      | Noticed a black bear
  2392 | D:4      | 2392 ||| INVOKING Spit Poison.
  2395 | D:4      | 2395 ||| INVOKING Spit Poison.
  2398 | D:4      | Killed a black bear
  2433 | D:4      | Found a sacrificial altar of Ru.
  2453 | D:4      | Found a hazy altar of Hepliaklqana.
  2454 | D:4      | 2454 ||| Stepping ~*~*~tactically~*~*~ (outnumbered).
  2455 | D:4      | 2455 ||| Stepping ~*~*~tactically~*~*~ (outnumbered).
  2457 | D:4      | 2457 ||| INVOKING Spit Poison.
  2464 | D:4      | 2464 ||| INVOKING Spit Poison.
  2470 | D:4      | 2470 ||| INVOKING Spit Poison.
  2490 | D:4      | Reached XP level 7. HP: 42/66 MP: 7/7
  2548 | D:4      | 2548 ||| INVOKING Spit Poison.
  2553 | D:4      | 2553 ||| INVOKING Spit Poison.
  2634 | D:4      | 2634 ||| INVOKING Spit Poison.
  2659 | D:4      | 2659 ||| INVOKING Spit Poison.
  2663 | D:4      | 2663 ||| INVOKING Spit Poison.
  2667 | D:4      | 2667 ||| INVOKING Spit Poison.
  2792 | D:4      | 2792 ||| INVOKING Spit Poison.
  2814 | D:4      | 2814 ||| INVOKING Spit Poison.
  2820 | D:4      | 2820 ||| INVOKING Spit Poison.
  2823 | D:4      | 2823 ||| INVOKING Spit Poison.
  2824 | D:4      | Reached skill level 7 in Ranged Weapons
  2867 | D:4      | 2867 ||| READING 2 scrolls labelled BUAROQ OFEO.
  2872 | D:4      | 2872 ||| READING 3 scrolls labelled PEG ZACHIER.
  2873 | D:4      | 2873 ||| READING scroll labelled ZEDIPT KABAT.
  2874 | D:4      | 2874 ||| DRINKING 2 golden potions.
  2875 | D:4      | 2875 ||| READING 2 scrolls of identify.
  2875 | D:4      | 2875 ||| IDENTIFYING murky pink potion
  2876 | D:4      | 2876 ||| DROPPING potion of invisibility.
  2883 | D:5      | Entered Level 5 of the Dungeon
  2897 | D:5      | 2897 ||| INVOKING Spit Poison.
  2908 | D:5      | 2908 ||| INVOKING Spit Poison.
  2912 | D:5      | 2912 ||| INVOKING Spit Poison.
  2915 | D:5      | Reached skill level 1 in Armour
  2939 | D:5      | Noticed an unseen horror
  2961 | D:5      | 2961 ||| FLEEEEING.
  2962 | D:5      | 2962 ||| FLEEEEING.
  2963 | D:5      | 2963 ||| STAIRDANCE
  2987 | D:4      | 2987 ||| INVOKING Spit Poison.
  2994 | D:5      | 2994 ||| INVOKING Spit Poison.
  2996 | D:5      | 2996 ||| STAIRDANCE
  3000 | D:4      | 3000 ||| INVOKING Spit Poison.
  3000 | D:4      | Killed an unseen horror
  3001 | D:4      | Reached XP level 8. HP: 65/73 MP: 8/8
  3038 | D:5      | 3038 ||| INVOKING Spit Poison.
  3043 | D:5      | Reached skill level 8 in Ranged Weapons
  3045 | D:5      | 3045 ||| INVOKING Spit Poison.
  3049 | D:5      | 3049 ||| INVOKING Spit Poison.
  3052 | D:5      | 3052 ||| INVOKING Spit Poison.
  3056 | D:5      | 3056 ||| INVOKING Spit Poison.
  3060 | D:5      | 3060 ||| INVOKING Spit Poison.
  3065 | D:5      | HP: 16/74 [poisoned by a scorpion]
  3066 | D:5      | 3066 ||| READING scroll of teleportation.
  3066 | D:5      | HP: 3/74 [phantom (6)]
  3067 | D:5      | 3067 ||| INVOKING Spit Poison.
  3067 | D:5      | Succumbed to a scorpion's poison

Levels and vault maps discovered:
D:1:      saegor_arrival_miasma, layout_basic
D:2:      layout_loops_ring, corexii_shack, minmay_tree_intersection,
          minmay_octomino_e4, uniq_jessica, uniq_natasha
D:3:      layout_loops_ring
D:4:      layout_loops_cross, nicolae_ru_sacrificial_ziggurat,
          amcnicky_altar_gilded, mainiacjoe_overflow_cross_hatched
D:5:      cheibrodos_fzero, layout_loops_cross, trog_butcher_becter,
          minmay_temple_entry_overgrown, minmay_hedge_maze, eino_tiny_chamber,
          grunt_decor_mini_mirrors, grunt_ministairs_2, minmay_fountain_box,
          kennysheep_cross_bottleneck, guppyfry_early_lair_pool, uniq_ijyb

Skill      XL: |  1  2  3  4  5  6  7  8 |
---------------+-------------------------+-----
Ranged Weapons | 4 5 6 7 8 |  8.1
Fighting       | 3 4 5 |  5.1
Dodging        | 2 |  2.6
Armour         | 1 |  1.5
Stealth        | |  1.5

Action                     |  1- 3 |  4- 6 |  7- 9 || total
---------------------------+-------+-------+-------++-------
   Fire: Shortbow          |    31 |   118 |    67 ||   216
Ability: Spit Poison       |    11 |    46 |    23 ||    80
    Use: Scroll            |     4 |     5 |     5 ||    14
         Potion            |     1 |       |     1 ||     2
 Armour: Leather armour    |     2 |    12 |    24 ||    38
  Dodge: Dodged            |     3 |    27 |    31 ||    61
  Block: Other             |       |     9 |    17 ||    26

Table legend:
 A = Non-vault XP
 B = Vault XP
 C = Vault XP percentage of total XP
 D = Non-vault monster count
 E = Vault monster count
 F = Vault count percentage of total count
                 A         B        C        D         E       F
            +---------+---------+-------+---------+---------+-------
      Total |     867 |     865 |  49.9 |      85 |      16 |  15.8
            +---------+---------+-------+---------+---------+-------
        D:1 |      29 |       0 |   0.0 |      17 |       0 |   0.0
        D:2 |     118 |      86 |  42.2 |      13 |       8 |  38.1
        D:3 |      87 |       0 |   0.0 |      29 |       0 |   0.0
        D:4 |     501 |     361 |  41.9 |      24 |       1 |   4.0
        D:5 |     132 |     418 |  76.0 |       2 |       7 |  77.8
            +---------+---------+-------+---------+---------+-------
